 Dungeon Crawl Stone Soup version 0.29.1-1-gd02db6906a (webtiles) character file.

Game seed: 3907888755719277705

203 LustLizard the Sneak (level 5, -1/26 HPs)
             Began as a Spriggan Arcane Marksman on Oct 4, 2022.
             Killed by divine providence
             ... invoked by an orc priest
              (16 damage)
             ... on level 4 of the Dungeon.
             The game lasted 00:03:53 (3259 turns).

LustLizard the Sneak (Spriggan Arcane Marksman)     Turns: 3259, Time: 00:03:53

Health: -1/26      AC:  2    Str:  6    XL:     5   Next: 51%
Magic:  8/8        EV: 17    Int: 14    God:
Gold:   183        SH:  5    Dex: 18    Spells: 2/6 levels left

rFire   . . .      SeeInvis +   a - +1 sling
rCold   . . .      Faith    .   (no shield)
rNeg    . . .      Spirit   .   c - +0 robe
rPois   .          Reflect  +   (helmet restricted)
rElec   .          Harm     .   n - scarf {+Inv}
rCorr   .          Rampage  .   (gloves unavailable)
Will    .....                   (boots unavailable)
Stlth   +++.......              j - amulet of reflection
HPRegen 0.08/turn               m - +4 ring of slaying
MPRegen 0.11/turn               (no ring)

@: very quick
A: very small, no large weapons, unfitting armour, see invisible, speed 3
a: Evoke Invisibility


You were on level 4 of the Dungeon.
You visited 1 branch of the dungeon, and saw 4 of its levels.

You collected 183 gold pieces.

Inventory:

Hand Weapons
 a - a +1 sling (weapon)
Armour
 c - a +0 robe (worn)
 n - a scarf of invisibility (worn)
Jewellery
 j - an amulet of reflection (around neck)
 m - a +4 ring of slaying (left hand)
Wands
 l - a wand of iceblast (5)
Scrolls
 b - 2 scrolls of poison
 d - 2 scrolls of identify {unknown}
 e - a scroll of fear {unknown}
 f - a scroll of acquirement {unknown}
 g - 2 scrolls of enchant armour {unknown}
 i - a scroll of vulnerability {unknown}
 o - a scroll of amnesia {unknown}
Potions
 h - 2 potions of curing {unknown}
 k - a potion of haste {unknown}
 p - a potion of might {unknown}


   Skills:
 + Level 1.6 Fighting
 * Level 3.6 Ranged Weapons
 - Level 2.6 Dodging
 * Level 4.2 Stealth
 - Level 1.3 Spellcasting
 - Level 4.0 Hexes
 * Level 3.2 Translocations


You had 2 spell levels left.
You knew the following spells:

 Your Spells              Type           Power      Damage    Failure   Level
a - Slow                  Hex            48%        N/A       4%          1
b - Portal Projectile     Hex/Tloc       22%        N/A       17%         3

Your spell library contained the following spells:

 Spells                   Type           Power      Damage    Failure   Level
 Inner Flame              Hex/Fire       6%         N/A       32%         3
 Cause Fear               Hex            6%         N/A       43%         4


Dungeon Overview and Level Annotations

Branches:
Dungeon (4/15)
 Temple: D:4-7

Altars:
Nemelex Xobeh
Okawaru
Qazlal


Innate Abilities, Weirdness & Mutations

You are very small and have problems with some larger weapons.
You are too small for most types of armour.
You have supernaturally acute eyesight. (SInv)
You cover ground extremely quickly. (Speed+++)


Message History

Your Stealth skill increases to level 4!
Your Translocations skill increases to level 3!
You climb upwards.
There is a stone staircase leading down here.
HP restored.
Done exploring.
You climb downwards.
You block the water moccasin zombie's attack.
The goblin hits you with a +0 club. The water moccasin zombie misses you.
The goblin barely misses you.
There is a stone staircase leading up here.
The water moccasin zombie misses you. You block the goblin's attack.
You climb upwards.
There is a stone staircase leading down here.
You shoot a sling bullet. The sling bullet hits the goblin!
You kill the goblin!
No target in view!
There is a stone staircase leading down here.
HP restored.
Done exploring.
You climb downwards.
There is a stone staircase leading up here.
A kobold is nearby!
You shoot a sling bullet. The sling bullet hits the kobold!
You kill the kobold!
No target in view!
Things that are here:
a +0 dagger; 4 poisoned darts You shoot a sling bullet.
The sling bullet closely misses the orc wizard.
The orc wizard shouts!
The orc wizard zaps a wand.
The puff of flame hits you!
You shoot a sling bullet. The sling bullet hits the orc priest.
The orc priest is lightly wounded.
The orc priest zaps a wand.
You resist with significant effort.
The orc wizard zaps a wand.
The puff of flame misses you.
The orc priest invokes the aid of Beogh against you.
Beogh smites you!
Ouch! That really hurt!
You die...

...# ..#..## ...#.
#. #.#.##.#oo.#
..... .#..
..........### .#
...##.#.#.#.....
##....#.#.#...#
.....
.............#######
#####
..................#
.. #.........#......
... #.<..@....#
..... .....
#......)..# ...#
.... #.........# ..#
.... ########### .#
#


You could see an orc priest and an orc wizard.

Vanquished Creatures
  A water moccasin zombie (D:4)
  A bullfrog zombie (D:4)
  2 adders
  3 gnolls (D:3)
  2 white imps
  2 dart slugs
  2 orcs
  7 endoplasms
  4 giant cockroaches
  2 hobgoblins
  3 kobolds
  3 quokkas
  A ball python (D:3)
  3 bats (D:1)
  3 frilled lizards
  5 goblins
  7 rats
51 creatures vanquished.

Notes
Turn   | Place    | Note
-------+----------+-------------------------------------------
     0 | D:1      | LustLizard the Spriggan Arcane Marksman began the quest for
                  | the Orb.
     0 | D:1      | Reached XP level 1. HP: 9/9 MP: 3/3
   260 | D:1      | Reached skill level 1 in Stealth
   291 | D:1      | Reached XP level 2. HP: 14/14 MP: 5/5
   310 | D:1      | Reached skill level 1 in Fighting
   482 | D:1      | Found a faded altar of an unknown god.
  1220 | D:2      | Reached XP level 3. HP: 18/18 MP: 6/6
  1224 | D:2      | Learned a level 3 spell: Portal Projectile
  1859 | D:3      | Reached skill level 1 in Translocations
  2142 | D:3      | Found an iron altar of Okawaru.
  2181 | D:3      | Found a sparkling altar of Nemelex Xobeh.
  2229 | D:3      | Reached XP level 4. HP: 22/22 MP: 7/7
  2299 | D:3      | Found a stormy altar of Qazlal.
  2889 | D:4      | Reached XP level 5. HP: 22/25 MP: 8/8
  3259 | D:4      | Killed from afar by an orc priest

Illustrated notes

Levels and vault maps discovered:
D:1:      dpeg_arrival_tiny_a, layout_loops_corners,
          hellmonk_ecumenical_altar_blasted
D:2:      layout_rooms
D:3:      layout_rooms, nemelex_dance_club_becter, okawaru_gym_becter,
          mainiacjoe_overflow_alcove_1
D:4:      layout_rooms, mainiacjoe_overflow_catwalk_spiral,
          nicolae_yredelemnul_corpse_copse, minmay_temple_entry_ruins

Skill      XL: |  1  2  3  4  5 |
---------------+----------------+-----
Stealth        | 1 2 3 4 |  4.2
Fighting       | 1 |  1.6
Hexes          | 4 |  4.0
Translocations | 1 2 3 |  3.2
Ranged Weapons | 3 |  3.6
Dodging        | |  2.6
Spellcasting   | |  1.3

Action                   |  1- 3 |  4- 6 || total
-------------------------+-------+-------++-------
 Fire: Sling             |   106 |    51 ||   157
 Cast: Slow              |     1 |     2 ||     3
Armor: Robe              |    10 |     3 ||    13
Dodge: Dodged            |    37 |    11 ||    48
Block: Other             |       |     5 ||     5
